 Dungeon Crawl Stone Soup version 0.22-a0-322-g60b3cfd402 (webtiles) character file.

362 Oravi the Transmogrifier (level 6, -1/43 HPs)
             Began as a Merfolk Transmuter on Apr 2, 2018.
             Was a Believer of Qazlal.
             Slain by Stone's ghost (13 damage)
             ... on level 3 of the Dungeon.
             The game lasted 00:18:36 (2268 turns).

Oravi the Transmogrifier (Merfolk Transmuter)       Turns: 2268, Time: 00:18:37

Health: -1/43      AC:  2    Str: 10    XL:     6   Next: 66%
Magic:  3/9        EV: 21    Int: 19    God:    Qazlal [**....]
Gold:   108        SH:  2    Dex: 20    Spells: 3/9 levels left

rFire    . . .     SeeInvis .     - Unarmed
rCold    . . .     Gourm    .   (shield currently unavailable)
rNeg     . . .     Faith    .   (armour currently unavailable)
rPois    x         Spirit   .   (helmet currently unavailable)
rElec    .         Reflect  .   (cloak currently unavailable)
rCorr    .         Harm     .   (gloves currently unavailable)
MR       .....                  (boots currently unavailable)
Stlth    ++........             g - amulet of regeneration
HPRegen  0.54/turn              (no ring)
MPRegen  0.11/turn              (no ring)

@: brilliant, spider-form
A: tiny, (change form in water), (swift swim), (stealthy swim)
a: End Transformation, Upheaval, Renounce Religion


You were on level 3 of the Dungeon.
You worshipped Qazlal.
Qazlal was pleased with you.
You were not hungry.
You were a venomous arachnid creature.
You visited 1 branch of the dungeon, and saw 3 of its levels.

You collected 108 gold pieces.

Inventory:

Missiles
 a - 5 arrows
Armour
 b - a +0 robe (melded)
 h - a +0 pair of gloves (melded)
Jewellery
 g - an amulet of regeneration (around neck)
Wands
 f - a wand of flame (29)
 j - a wand of random effects (19)
Scrolls
 c - 4 scrolls of identify {unknown}
 e - a scroll of amnesia {unknown}
 i - a scroll of remove curse {unknown}
 l - a scroll of enchant weapon {unknown}
 n - a scroll of magic mapping {unknown}
Comestibles
 d - 10 rations
 m - 2 chunks of flesh


   Skills:
 - Level 1.1 Fighting
 - Level 2.6 Dodging
 - Level 3.2 Unarmed Combat
 - Level 2.0 Spellcasting
 + Level 8.5 Transmutations
 + Level 2.2 Poison Magic


You had 3 spell levels left.
You knew the following spells:

 Your Spells              Type           Power        Failure   Level  Hunger
a - Beastly Appendage     Tmut           #####.       1%          1    #......
b - Sticks to Snakes      Tmut           #####...     1%          2    ###....
c - Spider Form           Tmut/Pois      ####......   1%          3    ###....


Dungeon Overview and Level Annotations

Branches:
Dungeon (3/15)

Altars:
Elyvilon
Qazlal

Annotations:
D:3 Stone's ghost, amateur FoFi


Message History

You kill your ball python!
Your ball python bites Stone's ghost but does no damage.
Your ball python bites Stone's ghost but does no damage.
Stone's ghost whispers, "It is all a dream - a grotesque and foolish dream."
Your ball python barely misses Stone's ghost.
Your ball python withers and dies!
Stone's ghost hits you!
* * * LOW HITPOINT WARNING * * *
Items here: ))) [ a chain mail; an enchanted club; a club; a dagger
There is an escape hatch in the floor here.
Eating one of 3 chunks of flesh.
You eat one of the 3 chunks of flesh.
This raw flesh tastes terrible.
Things that are here:
a poisoned needle; a dagger
There is a stone staircase leading up here.
Things that are here:
2 poisoned needles; a stone Stone's ghost hits you!
You die...

..#####>....................# #..
..........#####...........#.# #..
..........##.##..########.#.###..
..........##....(....# #........
..........##......(..## ####.###.
..........##..........# #.###.
..#.......##..........# #..##.
..####...[##.#+#....# #######.##.
..# #....[).#.#s§#<# #.....#+##.
######....#>...W)(#.# #.......[..
.........##.§.(§....# #..........
.........##.......### #..........
##.......+........'.. #..........
##......##.......### #..........
########.#####...### #..........
..######## ##....# ##..........
..##.#.## #....# #......###..


You could see Stone's ghost.

Vanquished Creatures
  A vampire bat (D:3)
  A crimson imp (D:3)
  Ijyb (D:3)
  Robin (D:3)
  8 adders
  A worm (D:3)
  A dart slug (D:1)
  3 fire bats (D:3)
  A leopard gecko (D:3)
  2 orcs (D:3)
  2 spectral bats (D:3)
  4 ball pythons (D:1)
  14 bats
  3 bat skeletons (D:3)
  A bat zombie (D:3)
  4 giant cockroaches
  16 goblins
  7 hobgoblins
  6 jackals (D:3)
  2 quokkas (D:3)
  A bat simulacrum (D:3)
  6 frilled lizards
  9 kobolds
  9 rats
104 creatures vanquished.

Notes
Turn   | Place    | Note
-------+----------+-------------------------------------------
     0 | D:1      | Oravi the Merfolk Transmuter began the quest for the Orb.
     0 | D:1      | Reached XP level 1. HP: 15/15 MP: 3/3
    99 | D:1      | Reached skill level 3 in Transmutations
   137 | D:1      | Reached XP level 2. HP: 17/21 MP: 3/5
   177 | D:1      | Reached skill level 4 in Transmutations
   349 | D:1      | Reached XP level 3. HP: 20/26 MP: 4/6
   570 | D:2      | Reached skill level 5 in Transmutations
   577 | D:2      | Learned a level 2 spell: Sticks to Snakes
   581 | D:2      | Learned a level 3 spell: Spider Form
   704 | D:2      | Reached XP level 4. HP: 32/32 MP: 5/7
   772 | D:2      | Found a white marble altar of Elyvilon.
   931 | D:2      | Found a stormy altar of Qazlal.
   939 | D:2      | Became a worshipper of Qazlal Stormbringer
  1017 | D:3      | Noticed Robin
  1026 | D:3      | Reached skill level 6 in Transmutations
  1209 | D:3      | Noticed Ijyb
  1214 | D:3      | Killed Robin
  1233 | D:3      | Killed Ijyb
  1233 | D:3      | Reached XP level 5. HP: 20/37 MP: 2/8
  1235 | D:3      | Reached * piety under Qazlal
  1339 | D:3      | Reached skill level 7 in Transmutations
  1380 | D:3      | Reached skill level 1 in Poison Magic
  1505 | D:3      | Noticed Stone's ghost (amateur FoFi)
  1871 | D:3      | Reached XP level 6. HP: 40/43 MP: 9/9
  2055 | D:3      | Reached skill level 8 in Transmutations
  2086 | D:3      | Reached ** piety under Qazlal
  2249 | D:3      | HP: 2/43 [Stone's ghost (8)]
  2268 | D:3      | Slain by Stone's ghost

Vault maps used:
D:1:      matt_arrival_refuge
D:2:      lemuel_coloured_pillars_altar, first_ration, grunt_qazlal_sundering
D:3:      goddamned_bats, uniq_robin, uniq_ijyb

Skill      XL: |  1  2  3  4  5  6 |
---------------+-------------------+-----
Transmutations | 3 4 5 6 7 8 |  8.5
Poison Magic   | 1 2 |  2.2
Fighting       | |  1.1
Dodging        | |  2.6
Unarmed Combat | |  3.2
Spellcasting   | |  2.0

Action                   |  1- 3 |  4- 6 || total
-------------------------+-------+-------++-------
Melee: Unarmed           |    95 |   221 ||   316
       Headbutt          |    16 |     6 ||    22
       Punch             |     1 |       ||     1
 Cast: Beastly Appendage |    16 |     8 ||    24
       Spider Form       |       |    21 ||    21
       Sticks to Snakes  |       |    11 ||    11
  Use: Potion            |       |     3 ||     3
 Stab: Sleeping          |     1 |       ||     1
  Eat: Chunk             |       |     9 ||     9
Armor: Robe              |    12 |    22 ||    34
       Skin              |       |    14 ||    14
Dodge: Dodged            |    64 |   264 ||   328
Block: Other             |       |    17 ||    17

Table legend:
 A = Spawn XP
 B = Non-spawn XP
 C = Spawn XP percentage of total XP
 D = Spawn monster count
 E = Non-spawn monster count
 F = Spawn count percentage of total count
 G = Total turns spent on level
                    A         B        C        D         E        F      G
               +---------+---------+-------+---------+---------+-------+---------
         Total |       0 |     518 |   0.0 |       0 |     104 |   0.0 |  2268
               +---------+---------+-------+---------+---------+-------+---------
           D:1 |       0 |      45 |   0.0 |       0 |      27 |   0.0 |   560
           D:2 |       0 |      61 |   0.0 |       0 |      18 |   0.0 |   805
           D:3 |       0 |     412 |   0.0 |       0 |      59 |   0.0 |   903
               +---------+---------+-------+---------+---------+-------+---------
